 Dungeon Crawl Stone Soup version 0.32-a0-576-g706899e69d (webtiles) character file.

Game seed: 4620874063318965714

7116 Djon the Martial Artist (level 11, 0/78 HPs)
             Began as an Octopode Shapeshifter on Mar 2, 2024.
             Was a High Priest of Okawaru.
             Slain by an orc warrior
             ... wielding a +0 glaive
              (10 damage)
             ... on level 9 of the Dungeon.
             The game lasted 00:19:33 (10197 turns).

Djon the Martial Artist (Octopode Shapeshifter)    Turns: 10197, Time: 00:19:34

Health: 0/78       AC:  1    Str: 14    XL:     11   Next: 10%
Magic:  15/15      EV: 29    Int: 12    God:    Okawaru [*****.]
Gold:   602        SH:  5    Dex: 22    Spells: 12/16 levels left

rFire   + .          .
                       - Unarmed
rCold   . . .        (no shield)
rNeg    . . .        (helmet restricted)
rPois   .            y - amulet of reflection
rElec   .            f - ring of protection from fire
rCorr   .            C - +5 ring of evasion
SInv    .            B - +6 ring of dexterity
Will    .....        (no ring)
Stlth   ++++         (no ring)
HPRegen 0.33/turn    (no ring)
MPRegen 0.14/turn    (no ring)
                     (no ring)

%: reflection
@: heroic, studying Short Blades
A: almost no armour, amphibious, 8 rings, camouflage 1, gelatinous body 1,
(nimble swimmer 1), tentacles
a: Renounce Religion, Heroism, Finesse, Duel


You were on level 9 of the Dungeon.
You worshipped Okawaru.
Okawaru was extremely pleased with you.
You visited 1 branch of the dungeon, and saw 9 of its levels.
You also visited: Ossuary.

You collected 602 gold pieces.

Inventory:

Hand Weapons
 m - a +0 trident of flaming
 F - a +0 war axe of flaming
Missiles
 N - 2 throwing nets (quivered)
Jewellery
 c - a ring of ice
 f - a ring of protection from fire (left tentacle)
 v - an amulet of guardian spirit
 w - a ring of ice
 y - an amulet of reflection (around mantle)
 B - a +6 ring of dexterity (on tentacle)
 C - a +5 ring of evasion (right tentacle)
 M - a ring of flight
Wands
 q - a wand of mindburst (25)
 z - a wand of iceblast (19)
 E - a wand of paralysis (3)
 H - a wand of flame (19)
 O - a wand of light (8)
Scrolls
 d - a scroll of noise
 e - 2 scrolls of fear
 i - a scroll of revelation
 n - 3 scrolls of teleportation
 o - 2 scrolls of fog
 t - 4 scrolls of vulnerability
 A - 3 scrolls of blinking
 D - a scroll of poison
 G - 3 scrolls of brand weapon
 J - a scroll of amnesia
 K - a scroll of acquirement {unknown}
Potions
 a - 7 potions of lignification
 b - 2 potions of heal wounds
 g - 5 potions of brilliance
 h - 2 potions of haste {unknown}
 j - 5 potions of might {unknown}
 k - 3 potions of invisibility {unknown}
 l - a potion of experience {unknown}
 p - a potion of mutation {unknown}
 r - a potion of curing {unknown}
 s - a potion of berserk rage {unknown}
 u - a potion of magic {unknown}
 x - 2 potions of cancellation {unknown}
 I - a potion of resistance {unknown}
Miscellaneous
 L - a condenser vane


   Skills:
 + Level 8.5(13.5) Fighting
 + Level 8.6(13.6) Dodging
 + Level 8.9(13.9) Unarmed Combat
 + Level 3.2 Spellcasting
 + Level 3.4 Translocations
 + Level 3.4 Air Magic
 - Level 6.0 Invocations
 - Level 3.0 Shapeshifting


You had 12 spell levels left.
You knew the following spells:

 Your Spells              Type           Power      Damage    Failure   Level
a - Vhi's Electric Charg  Tloc/Air       20%        N/A       52%         4

Your spell library contained the following spells:

 Spells                   Type           Power      Damage    Failure   Level
 Mercury Vapours          Alch/Air       12%        N/A       19%         2
 Sting                    Conj/Alch      4%         1d3       24%         1
 Ensorcelled Hibernation  Hex/Ice        2%         N/A       36%         2
 Scorch                   Fire           2%         2d5       36%         2
 Fugue of the Fallen      Necr           1%         N/A       58%         3
 Hailstorm                Conj/Ice       1%         3d5       58%         3
 Anguish                  Hex/Necr       0%         N/A       94%         4
 Flame Wave               Conj/Fire      1%         2d4       94%         4
 Olgreb's Toxic Radiance  Alch           1%         N/A       94%         4
 Arcjolt                  Conj/Air       3%         1d13      97%         5
 Borgnjor's Vile Clutch   Necr/Erth      0%         N/A       100%        5
 Maxwell's Capacitive Co  Air            5%         ∞         100%        8
 Summon Ice Beast         Ice/Summ       Unusable   N/A       N/A         3
 Animate Dead             Necr           Unusable   N/A       N/A         4
 Death Channel            Necr           Unusable   N/A       N/A         6
 Sculpt Simulacrum        Ice/Alch       Unusable   N/A       N/A         6
 Summon Cactus Giant      Summ           Unusable   N/A       N/A         6

Dungeon Overview and Level Annotations

Branches:
Dungeon (9/15)             Temple (0/1) D:7             Orc (0/2) D:9
Ossuary (visited)
   Lair: D:8-11

Altars:
Cheibriados
Hepliaklqana
Okawaru
Sif Muna
The Shining One
Beogh


Innate Abilities, Weirdness & Mutations

You cannot wear most types of armour.
You are amphibious.
You can wear up to eight rings at the same time.
Your skin changes colour to match your surroundings (Stealth+).
Your rubbery body absorbs attacks. (AC +1, EV +1)
((You are camouflaged when in or above water. (Stealth+)))
You have tentacles for arms and can constrict up to eight enemies at once.


Message History

You closely miss the orc warrior. You grab the orc warrior.
The orc warrior is lightly wounded.
You constrict the orc warrior, but do no damage.
You block the orc warrior's attack.
The orc warrior hits you with a +0 trident!
The orc wizard closely misses you.
You tentacle-slap the orc warrior. You tentacle-slap the orc warrior!
The orc warrior is severely wounded.
You constrict the orc warrior. You completely miss the orc warrior.
The orc warrior is almost dead.
You constrict the orc warrior.
The orc wizard hits you with a +0 dagger.
The orc warrior misses you. The orc warrior completely misses you.
You bludgeon the orc warrior!
You kill the orc warrior!
Okawaru accepts your kill.
The orc wizard points at you and mumbles some strange words.
The puff of flame hits you. You resist. The orc warrior completely misses you.
You bludgeon the orc wizard! You grab the orc wizard.
You squeeze the orc wizard, but do no damage.
The orc wizard is severely wounded.
You constrict the orc wizard.
You kill the orc wizard!
Okawaru accepts your kill. The orc warrior barely misses you.
The orc priest calls down the wrath of Beogh upon you.
Beogh smites you!
You bludgeon the orc priest!
You kill the orc priest!
Okawaru accepts your kill.
An orc warrior comes into view. It is wielding a +0 halberd.
The orc warrior barely misses you.
Items here: )) [[.
The orc warrior hits you from afar with a +0 glaive!!
* * * LOW HITPOINT WARNING * * *
Items here: ( ))) [ †.
The orc warrior attacks as it pursues you!
The orc warrior hits you from afar with a +0 glaive!
You die...

...#ß._.>####........).#
..#o..(.#............).
o.#ooo..#####..........
##.ßooo..# #........#.
#######..'oo...# #........#.
..?......ßoo...# #........##
.........#oo...#####........#.
.........#######.......##..##.
.........o)o.@................
...o......o##................#
...........##................#
..........<##.................
#..........############.......
#..........# ######.......
#..........# #............
########### #............
#............


You could see an orc warrior and 2 orcs.

Vanquished Creatures
  An obsidian statue (D:9)
  Pikel (D:6)
  Joseph (D:7)
  Maggie (D:6)
  A kobold demonologist (D:3)
  Grinder (D:4)
  A hornet (D:9)
  Prince Ribbit (D:9)
  3 wyverns
  Menkaure (D:4)
  The ghost of 0gre the Slasher, an amateur DsGl (D:5)
  The ghost of yleetSyT the Digger, an amateur AtEE of Beogh (D:4)
  Edmund (D:6)
  An acid dragon (D:8)
  Duvessa (D:4)
  3 sky beasts
  4 orc warriors
  An ice beast (D:7)
  An ogre (D:6)
  2 lemures (D:5)
  3 centaurs
  The ghost of olddryhag the Ducker, an amateur CoWn (D:3)
  A weeping skull (Ossuary)
  2 bullfrogs
  2 scorpions
  9 wights
  5 water moccasin zombies (Ossuary)
  Dowan (D:4)
  3 killer bees (D:8)
  An electric eel (D:9)
  3 howler monkeys
  3 hounds
  4 jellies
  7 orc priests
  2 bombardier beetles
  3 iguanas
  3 gnoll boudas
  2 sleepcaps
  6 orc wizards
  2 crocodile zombies (Ossuary)
  2 mummies (Ossuary)
  7 gnolls
  3 adders
  4 shadow imps
  A white imp (D:7)
  3 adder zombies (Ossuary)
  5 dart slugs
  A ribbon worm (D:2)
  34 orcs
  11 ball pythons
  6 bats
  4 endoplasms
  7 hobgoblins
  8 jackals
  7 kobolds
  6 quokkas
  3 frilled lizards (D:2)
  9 gnoll zombies (Ossuary)
  10 goblins
  3 jackal zombies (Ossuary)
  2 orc zombies (Ossuary)
  6 rats
233 creatures vanquished.

Notes
Turn   | Place    | Note
-------+----------+-------------------------------------------
     0 | D:1      | Djon the Octopode Shapeshifter began the quest for the Orb.
     0 | D:1      | Reached XP level 1. HP: 13/13 MP: 1/1
   135 | D:1      | Reached XP level 2. HP: 17/18 MP: 2/2
   250 | D:1      | Found a faded altar of an unknown god.
   890 | D:2      | Reached XP level 3. HP: 19/24 MP: 3/3
  1403 | D:2      | Reached XP level 4. HP: 25/29 MP: 4/4
  1725 | D:3      | Found a transporter.
  1735 | D:3      | Noticed a kobold demonologist
  1779 | D:3      | Found a snail-covered altar of Cheibriados.
  1846 | D:3      | Reached XP level 5. HP: 27/36 MP: 5/5
  1998 | D:3      | Found an iron altar of Okawaru.
  2082 | D:3      | Became a worshipper of Warmaster Okawaru
  2301 | D:3      | Found a runed translucent door.
  2301 | D:3      | Noticed olddryhag's ghost (amateur CoWn)
  2352 | D:3      | Found a transporter.
  2514 | D:3      | Killed olddryhag's ghost
  2645 | D:3      | Reached XP level 6. HP: 42/42 MP: 6/6
  2653 | D:3      | Noticed a smoke demon
  2658 | D:3      | Noticed an orange demon
  2659 | D:3      | Killed a kobold demonologist
  2659 | D:3      | Reached * piety under Okawaru
  2660 | D:3      | Reached skill level 5 in Unarmed Combat
  2660 | D:3      | Reached XP level 7. HP: 20/49 MP: 7/7
  2818 | D:4      | Noticed Grinder
  2865 | D:4      | Paralysed by Grinder for 4 turns
  2873 | D:4      | Noticed Duvessa
  2873 | D:4      | Noticed Dowan
  2874 | D:4      | Killed Grinder
  2875 | D:4      | Reached skill level 5 in Dodging
  2875 | D:4      | Reached skill level 1 in Invocations
  3008 | D:4      | Killed Duvessa
  3009 | D:4      | Reached XP level 8. HP: 30/54 MP: 6/9
  3011 | D:4      | Killed Dowan
  3011 | D:4      | Reached ** piety under Okawaru
  3012 | D:4      | Reached skill level 5 in Fighting
  3331 | D:4      | Found a sand-covered staircase.
  3345 | Ossuary  | Entered an ossuary
  4264 | D:4      | Found a runed translucent door.
  4278 | D:4      | Noticed Menkaure
  4286 | D:4      | Killed Menkaure
  4545 | D:4      | Noticed yleetSyT's ghost (amateur AtEE)
  4563 | D:4      | Killed yleetSyT's ghost
  4564 | D:4      | Reached XP level 9. HP: 15/62 MP: 12/12
  5103 | D:5      | Entered Level 5 of the Dungeon
  5143 | D:5      | Found a hazy altar of Hepliaklqana.
  5192 | D:5      | Identified the +5 ring mail "Koixt" {Int+4}
  5196 | D:5      | Found a runed translucent door.
  5202 | D:5      | Noticed 0gre's ghost (amateur DsGl)
  5449 | D:5      | Reached *** piety under Okawaru
  5949 | D:5      | Killed 0gre's ghost
  6186 | D:6      | Noticed Pikel
  6250 | D:6      | Killed Pikel
  6251 | D:6      | Reached skill level 5 in Invocations
  6313 | D:6      | Noticed Maggie
  6326 | D:6      | Killed Maggie
  7039 | D:6      | Noticed Edmund
  7050 | D:6      | Killed Edmund
  7051 | D:6      | Reached XP level 10. HP: 71/71 MP: 14/14
  7102 | D:6      | You fall into a shaft and drop 3 floors!
  7221 | D:8      | Learned a level 4 spell: Vhi's Electric Charge
  7598 | D:8      | Reached skill level 1 in Translocations
  7598 | D:8      | Reached skill level 1 in Air Magic
  7646 | D:8      | Reached skill level 1 in Spellcasting
  7691 | D:8      | Reached **** piety under Okawaru
  7744 | D:7      | Found a glowing golden altar of the Shining One.
  7936 | D:7      | Noticed Joseph
  7949 | D:7      | Killed Joseph
  8623 | D:7      | Found a staircase to the Ecumenical Temple.
  8704 | D:7      | Reached ***** piety under Okawaru
  8993 | D:7      | Found a shimmering blue altar of Sif Muna.
  9767 | D:9      | Noticed an obsidian statue
  9787 | D:9      | Killed an obsidian statue
  9889 | D:9      | Noticed Prince Ribbit
  9897 | D:9      | Reached XP level 11. HP: 74/78 MP: 15/15
  9900 | D:9      | Killed Prince Ribbit
 10167 | D:9      | Found a roughly hewn altar of Beogh.
 10167 | D:9      | Found a staircase to the Orcish Mines.
 10197 | D:9      | Slain by an orc warrior

Illustrated notes

Levels and vault maps discovered:
D:1:      minmay_arrival_semitransparent, layout_loops_ring,
          ebering_ecumenical_altar_petrified, st_stairs_8, minmay_pentomino_v2
D:2:      layout_basic, minmay_misc_feat_tower
D:3:      gammafunk_wand_slinger, layout_rooms, nicolae_overflow_crystal_walls,
          slow_altar_2, hellmonk_ghost_happy_afterlife, minmay_goblin_outpost
D:4:      layout_basic, enter_ossuary_1, ebering_ghost_reflecting_pool,
          uniq_menkaure, uniq_grinder, uniq_duvessa
D:5:      layout_loops_ring, lemuel_round_altar, ebering_ghost_reflecting_pool
D:6:      layout_rooms, uniq_maggie, uniq_pikel, uniq_edmund
D:7:      minmay_recursive_quarters, layout_basic, lemuel_blue_sif_altar,
          general_overflow_altar, minmay_temple_entry_antechambers, minmay_bent,
          uniq_joseph
D:8:      layout_basic
D:9:      statuecave_lemuel, layout_basic, tgw_xom, david_orc_5,
          uniq_prince_ribbit1

Skill      XL: |  1  2  3  4  5  6  7  8  9 10 11 |
---------------+----------------------------------+-----
Fighting       | 2 3 4 6 7 8 |  8.5
Dodging        | 3 4 5 6 7 8 |  8.6
Unarmed Combat | 4 5 6 7 8 |  8.9
Invocations    | 2 4 6 |  6.0
Translocations | 3 |  3.4
Air Magic      | 3 |  3.4
Spellcasting   | 2 3 |  3.2
Shapeshifting  | |  3.0

Action                     |  1- 3 |  4- 6 |  7- 9 | 10-12 || total
---------------------------+-------+-------+-------+-------++-------
  Melee: Unarmed           |    75 |    56 |   234 |   225 ||   590
         Constrict         |    26 |    14 |    61 |    54 ||   155
         Tentacles         |    14 |    13 |    75 |    72 ||   174
         Punch             |     2 |       |    17 |    25 ||    44
         Trident           |       |     2 |     9 |       ||    11
 Invoke: Heroism           |       |       |     6 |     4 ||    10
  Evoke: Wand              |       |     9 |     7 |       ||    16
    Use: Scroll            |       |       |     8 |     4 ||    12
   Stab: Sleeping          |     7 |     2 |    11 |     6 ||    26
         Distracted        |       |       |     1 |     2 ||     3
 Armour: Skin              |    33 |    52 |    99 |    55 ||   239
  Dodge: Dodged            |    33 |    49 |   132 |   162 ||   376
  Block: Other             |       |       |     5 |    44 ||    49
         Reflection        |       |       |       |     2 ||     2
         Form:             |     1 |       |       |       ||     1

Table legend: (Time is in decaauts)
 A = Elapsed time spent in this place.
 B = Non-inter-level travel time spent in this place.
 C = Inter-level travel time spent in this place.
 D = Time resting spent in this place.
 E = Time spent auto-exploring this place.
 F = Levels seen in this place.
 G = Mean time per level.
                   A        B        C        D        E       F      G
               +--------+--------+--------+--------+--------+-----+--------+
         Total |  10116 |   9773 |    343 |   1408 |   6716 |  10 | 1011.6 |
       Dungeon |   9529 |   9186 |    343 |   1115 |   6554 |   9 | 1058.8 |
       Ossuary |    587 |    587 |      0 |    293 |    162 |   1 |  587.0 |
               +--------+--------+--------+--------+--------+-----+--------+

Top non-repeatable levels by time:
     D:4: 1641 daAuts
     D:7: 1387 daAuts
     D:5: 1206 daAuts
     D:3: 1130 daAuts
     D:8: 1008 daAuts
     D:2: 888 daAuts
     D:6: 854 daAuts
     D:1: 830 daAuts
 Ossuary: 587 daAuts
     D:9: 582 daAuts
